[Event "Titled Tuesday Blitz June 6 Early 2023"]
[White "Xu, Daniel"]
[Black "Vaglio Munoz, Jaime"]
[WhiteFideId "2627345"]
[BlackFideId "6500145"]
[WhiteElo "1980"]
[BlackElo "2199"]
[Result "0-1"]
[Round "8"]
[TimeControl "180+2"]
[Date "2023.06.06"]
[WhiteClock "0:00:01"]
[BlackClock "0:00:48"]
[Board "115"]

1. e4 c5 2. Nf3 Qa5 3. Nc3 a6 4. d4 b5 5. dxc5 e6 6. Be3 b4 7. Ne2 Bxc5 8. Bxc5 Qxc5 9. Ned4 Bb7 10. Bd3 Nc6 11. Nb3 Qb6 12. O-O Nf6 13. Qe2 h6 14. e5 Nd5 15. Nbd2 Nf4 16. Qe4 Nxd3 17. Qxd3 O-O 18. Ne4 Ne7 19. Nd6 Ng6 20. Rfe1 Qc6 21. Nxb7 Qxb7 22. Rad1 Rfd8 23. Qd6 a5 24. Rd2 Ra6 25. Qd4 Rc6 26. Red1 Nf8 27. Qe4 Qc7 28. Nd4 Rc4 29. Qe3 Qc5 30. Rd3 d5 31. b3 Rc3 32. Rxc3 bxc3 33. Rd3 Rc8 34. Ne2 Qa3 35. Nxc3 d4 36. Qxd4 Qc1+ 37. Rd1 Qxc2 38. Ne4 Qxa2 39. Nd6 Rd8 40. Qf4 Rd7 41. Qf3 Qc2 42. Ra1 Ng6 0-1


[Site "https://www.chess.com"]

[Event "Titled Tuesday Blitz June 6 Early 2023"]
[White "Tomaszewski, Kacper"]
[Black "Spichkin, Alexander"]
[WhiteFideId "1127373"]
[BlackFideId "4144074"]
[WhiteElo "2211"]
[BlackElo "1986"]
[Result "1-0"]
[Round "8"]
[TimeControl "180+2"]
[Date "2023.06.06"]
[WhiteClock "0:00:05"]
[BlackClock "0:00:11"]
[Board "116"]

1. Nf3 e6 2. c4 f5 3. h3 Nf6 4. g4 fxg4 5. hxg4 Nxg4 6. e3 Qf6 7. Nc3 Nc6 8. d4 Bb4 9. Bd3 Rf8 10. Be4 Ne7 11. Bd2 Bxc3 12. Bxc3 d5 13. Bd3 Qxf3 14. Qxf3 Rxf3 15. Be2 Nxf2 16. Bxf3 Nxh1 17. Bxh1 c6 18. O-O-O Bd7 19. e4 O-O-O 20. cxd5 cxd5 21. Bb4 Nc6 22. Bc5 Be8 23. exd5 exd5 24. Rg1 Bg6 25. Rg5 b6 26. Rxd5 bxc5 27. Rxc5 Rxd4 28. Rxc6+ Kd7 29. Ra6 Rc4+ 30. Kd1 Rc7 31. b4 Ke7 32. a3 Kf7 33. Bd5+ Ke7 34. Ke1 Bf7 35. Bc6 Bc4 36. b5 h5 37. a4 h4 38. Kf2 g5 39. Bf3 Be6 40. a5 g4 41. Be4 g3+ 42. Kf3 Rc3+ 43. Ke2 g2 44. Rxa7+ Kd6 45. Rg7 Bc4+ 46. Kd2 Ra3 47. Rg6+ Ke5 48. Bxg2 Rxa5 49. b6 Rb5 50. b7 Kd4 51. Rg4+ Kc5 52. Kc3 Rb3+ 53. Kc2 Be6 54. Rg6 Bc4 55. Rg5+ Kd4 56. Rg4+ Ke3 57. Rxc4 Rb6 58. Rxh4 Kf2 59. Be4 Ke3 60. Rh6 Rxh6 61. b8=Q Kxe4 62. Qe8+ Kf5 63. Qf7+ Rf6 64. Qh5+ Ke6 65. Kd3 Rf5 66. Qg6+ Ke5 67. Qg7+ Ke6 68. Ke4 Rf6 69. Qg8+ Ke7 70. Ke5 Rf8 71. Qg5+ Kd7 72. Qg7+ Ke8 73. Ke6 Rf6+ 74. Kxf6 Kd8 75. Qb7 1-0


[Site "https://www.chess.com"]

[Event "Titled Tuesday Blitz June 6 Early 2023"]
[White "Dushyant Sharma"]
[Black "Rodriguez Polo, Mateo"]
[WhiteFideId "25065130"]
[BlackFideId "24509396"]
[WhiteElo "2198"]
[BlackElo "2117"]
[Result "1-0"]
[Round "8"]
[TimeControl "180+2"]
[Date "2023.06.06"]
[WhiteClock "0:02:19"]
[BlackClock "0:01:15"]
[Board "117"]

1. e4 g6 2. d4 Bg7 3. Nc3 d6 4. Be3 Nd7 5. Qd2 a6 6. O-O-O b5 7. h4 Ngf6 8. f3 e5 9. h5 Nxh5 10. Nge2 Bb7 11. Bh6 Qf6 12. Bg5 Qe6 13. d5 Bxd5 14. exd5 Qf5 15. g4 1-0


[Site "https://www.chess.com"]

[Event "Titled Tuesday Blitz June 6 Early 2023"]
[White "Cardozo Munar, Carlos Eduardo"]
[Black "Horak, Martin"]
[WhiteFideId "4409477"]
[BlackFideId "367095"]
[WhiteElo "2067"]
[BlackElo "2091"]
[Result "1-0"]
[Round "8"]
[TimeControl "180+2"]
[Date "2023.06.06"]
[WhiteClock "0:00:07"]
[BlackClock "0:00:04"]
[Board "118"]

1. e4 c5 2. Nf3 a6 3. g3 b5 4. Bg2 Bb7 5. O-O Bxe4 6. Re1 Bb7 7. a4 b4 8. d4 e6 9. d5 Nf6 10. Ng5 Qc7 11. Bf4 Qc8 12. c4 Be7 13. Qd3 O-O 14. Be5 g6 15. Nd2 Nxd5 16. Nxh7 Kxh7 17. cxd5 d6 18. Bf4 e5 19. Be3 Nd7 20. Nf3 f5 21. Ng5+ Bxg5 22. Bxg5 c4 23. Qd2 a5 24. h4 Nc5 25. Be7 Nb3 26. Qg5 Nxa1 27. Rxa1 Qe8 28. Bxd6 Rf7 29. h5 Qg8 30. Bxe5 Re8 31. Re1 Rfe7 32. f4 Qf7 33. d6 Re6 34. Bxb7 Qxb7 35. hxg6+ Rxg6 36. Qxf5 Rg8 37. Qh5+ Rh6 38. Qf5+ Rgg6 39. Qe4 Qf7 40. Kf2 Rh2+ 41. Kf3 Rd2 42. Rg1 Rd3+ 43. Kf2 Qe6 44. Rh1+ Kg8 45. Rh8+ Kf7 46. Rh7+ Kg8 47. Rh8+ Kf7 48. Qb7+ 1-0


[Site "https://www.chess.com"]

[Event "Titled Tuesday Blitz June 6 Early 2023"]
[White "Vyatkin, Dmitry"]
[Black "Martin, Lewis"]
[WhiteFideId "4171900"]
[BlackFideId "410551"]
[WhiteElo "2279"]
[BlackElo "2145"]
[Result "0-1"]
[Round "8"]
[TimeControl "180+2"]
[Date "2023.06.06"]
[WhiteClock "0:00:16"]
[BlackClock "0:00:48"]
[Board "119"]

1. d4 d5 2. c4 c6 3. Nf3 Nf6 4. g3 dxc4 5. Bg2 b5 6. O-O Bb7 7. Qc2 e6 8. Rd1 Be7 9. e4 O-O 10. b3 cxb3 11. axb3 Nbd7 12. Nc3 b4 13. Na4 c5 14. e5 Nd5 15. dxc5 Rc8 16. Be3 Qc7 17. Bd4 Nxc5 18. Nxc5 Bxc5 19. Ng5 g6 20. Qe4 h6 21. Nxe6 fxe6 22. Bxc5 Rf5 23. Bd6 Qc2 24. Qxc2 Rxc2 25. f4 Nxf4 26. Bxb7 Nh3+ 27. Kh1 Rff2 0-1


[Site "https://www.chess.com"]

[Event "Titled Tuesday Blitz June 6 Early 2023"]
[White "Toncheva, Nadya"]
[Black "Antonio, Jorge Carlos"]
[WhiteFideId "2924056"]
[BlackFideId "113190"]
[WhiteElo "2101"]
[BlackElo "2247"]
[Result "1-0"]
[Round "8"]
[TimeControl "180+2"]
[Date "2023.06.06"]
[WhiteClock "0:01:11"]
[BlackClock "0:00:06"]
[Board "120"]

1. d4 d5 2. c4 c6 3. Nc3 Nf6 4. e3 e6 5. Nf3 Be7 6. Bd3 O-O 7. O-O b6 8. Qe2 Ba6 9. b3 Nbd7 10. e4 dxe4 11. Nxe4 Nxe4 12. Qxe4 Nf6 13. Qxc6 Rb8 14. Be3 Bb7 15. Qa4 Qc7 16. Ne5 Ne8 17. Qd7 Bc8 18. Qxc7 Nxc7 19. Nc6 Bb7 20. Nxb8 Rxb8 21. Bf4 Rc8 22. Rfe1 Bf6 23. Be5 Na6 24. Bxf6 gxf6 25. Be4 Bxe4 26. Rxe4 Nb4 27. a3 Nc6 28. Kf1 Rd8 29. Rd1 Na5 30. Re3 Kf8 31. Ke2 Kg7 32. Rg3+ Kf8 33. Rc3 Ke7 34. b4 Nc6 35. d5 Ne5 36. f4 Ng6 37. g3 h5 38. dxe6 fxe6 39. Rxd8 Kxd8 40. c5 b5 41. c6 Kc7 42. Rc5 a6 43. Rxh5 Kxc6 44. Rh6 Ne7 45. Rxf6 Kd5 46. h4 Nf5 47. Kf2 Nd4 48. h5 Nc2 49. h6 e5 50. h7 e4 51. h8=Q e3+ 52. Ke2 Ke4 53. Qe8+ Kd4 54. Qe5+ Kc4 55. Rc6+ Kb3 56. Qc3+ Ka4 57. Rxa6# 1-0


[Site "https://www.chess.com"]

[Event "Titled Tuesday Blitz June 6 Early 2023"]
[White "Sanhueza, Cristian"]
[Black "mohsengabr2002"]
[WhiteFideId "116815"]
[WhiteElo "2174"]
[BlackElo "2251"]
[Result "0-1"]
[Round "8"]
[TimeControl "180+2"]
[Date "2023.06.06"]
[WhiteClock "0:00:04"]
[BlackClock "0:00:43"]
[Board "121"]

1. e4 g6 2. d4 f6 3. Nc3 e6 4. h4 Nh6 5. f3 d6 6. Be3 Nf7 7. Qd2 Bg7 8. g4 c6 9. O-O-O b5 10. Bd3 a5 11. h5 g5 12. f4 h6 13. Nf3 a4 14. a3 Na6 15. f5 b4 16. axb4 Nxb4 17. fxe6 Bxe6 18. d5 Bxg4 19. Rdf1 a3 20. b3 f5 21. Nd4 a2 22. Kb2 Qa5 23. Na4 c5 24. c3 Nxd3+ 25. Qxd3 cxd4 26. Bxd4 Bxd4 27. Qxd4 Qa7 28. Qf6 Qe7 29. Qxe7+ Kxe7 30. exf5 Kf6 31. Nb6 Ra7 32. Rhg1 Bxf5 33. Rg2 a1=Q+ 34. Rxa1 Rxa1 35. Kxa1 Rb8 36. Na4 Rxb3 37. Ka2 Rb7 38. c4 Ne5 39. c5 Ra7 40. Kb3 Be4 41. Rf2+ Kg7 42. cxd6 Bxd5+ 43. Kb4 Rd7 44. Re2 Nd3+ 45. Kc3 Nf4 46. Nc5 Nxe2+ 47. Kd2 Rxd6 48. Kxe2 Bf7 49. Ke3 Bxh5 50. Kf2 Bg6 51. Nb7 Rd7 52. Nc5 Rd5 53. Nb7 h5 54. Kg3 Kf6 55. Kh2 Ke5 56. Kg3 Kf5 57. Kh2 Kg4 58. Kg1 h4 59. Nc5 Rxc5 0-1


[Site "https://www.chess.com"]

[Event "Titled Tuesday Blitz June 6 Early 2023"]
[White "Garcia Cuenca, Victor"]
[Black "Araujo Filho, Luiz Antonio Coel"]
[WhiteFideId "2250829"]
[BlackFideId "2130661"]
[WhiteElo "2329"]
[BlackElo "2056"]
[Result "1-0"]
[Round "8"]
[TimeControl "180+2"]
[Date "2023.06.06"]
[WhiteClock "0:02:26"]
[BlackClock "0:02:25"]
[Board "122"]

1. Nf3 f5 2. g3 Nf6 3. Bg2 g6 4. O-O Bg7 5. b3 O-O 6. Bb2 d6 7. d4 c6 8. Nbd2 Qe8 9. Re1 d5 10. c4 Nfd7 11. Qc2 e5 12. Nxe5 Nxe5 13. dxe5 Bxe5 14. cxd5 Bf6 15. Bxf6 Rxf6 16. e4 f4 17. e5 Rf5 18. Nc4 cxd5 19. Nd6 1-0


[Site "https://www.chess.com"]

[Event "Titled Tuesday Blitz June 6 Early 2023"]
[White "Herman, Daniel"]
[Black "Torres Dominguez, David"]
[WhiteFideId "30935008"]
[BlackFideId "2220857"]
[WhiteElo "1897"]
[BlackElo "1999"]
[Result "1-0"]
[Round "8"]
[TimeControl "180+2"]
[Date "2023.06.06"]
[WhiteClock "0:00:13"]
[BlackClock "0:00:03"]
[Board "123"]

1. Nf3 d5 2. c4 c6 3. d4 Nf6 4. e3 Bg4 5. Qb3 Qb6 6. Ne5 Qxb3 7. axb3 Nbd7 8. Nxg4 Nxg4 9. cxd5 cxd5 10. Nc3 e6 11. f3 Ngf6 12. Nb5 Bb4+ 13. Bd2 Bxd2+ 14. Kxd2 Ke7 15. Rxa7 Rxa7 16. Nxa7 Ra8 17. Nb5 Nb6 18. Bd3 h6 19. Rc1 Rc8 20. Rc5 Ne8 21. Kc3 Nd6 22. Nxd6 Kxd6 23. Kb4 Rc7 24. Kb5 Nd7 25. Rc3 f6 26. b4 Nb8 27. Kb6 Nd7+ 28. Ka7 Rxc3 29. bxc3 Kc7 30. c4 Nb6 31. c5 Na4 32. b5 Nb2 33. b6+ Kc8 34. Ba6 Nc4 35. Bxc4 dxc4 36. c6 1-0


[Site "https://www.chess.com"]

[Event "Titled Tuesday Blitz June 6 Early 2023"]
[White "Lakshmi C"]
[Black "Escanor89"]
[WhiteFideId "25035347"]
[WhiteElo "1942"]
[BlackElo "2522"]
[Result "0-1"]
[Round "8"]
[TimeControl "180+2"]
[Date "2023.06.06"]
[WhiteClock "0:00:01"]
[BlackClock "0:02:06"]
[Board "124"]

1. e4 c5 2. Nf3 d6 3. d4 cxd4 4. Nxd4 Nf6 5. Nc3 Nc6 6. Be3 Ng4 7. Nxc6 Nxe3 8. Nxd8 Nxd1 9. Nxf7 Nxc3 10. Nxh8 Nxe4 11. Bd3 Nf6 12. h4 e5 13. Bb5+ Ke7 14. O-O-O Be6 15. f4 g6 16. fxe5 dxe5 0-1


[Site "https://www.chess.com"]

[Event "Titled Tuesday Blitz June 6 Early 2023"]
[White "Begunov, Konstantin"]
[Black "Srdanovic, Jovana"]
[WhiteFideId "4118510"]
[BlackFideId "954810"]
[WhiteElo "1993"]
[BlackElo "2155"]
[Result "0-1"]
[Round "8"]
[TimeControl "180+2"]
[Date "2023.06.06"]
[WhiteClock "0:00:06"]
[BlackClock "0:02:10"]
[Board "125"]

1. d4 d5 2. c4 c6 3. Nc3 Nf6 4. Nf3 dxc4 5. a4 Bf5 6. e3 e6 7. Bxc4 Bb4 8. O-O O-O 9. Qe2 Bg6 10. Ne5 Nbd7 11. Nxg6 hxg6 12. Rd1 Qe7 13. e4 e5 14. dxe5 Nxe5 15. Bb3 Rfd8 16. Bg5 a5 17. Kh1 Qc5 18. Be3 Qe7 19. h3 Bxc3 20. bxc3 Nxe4 21. Rxd8+ Rxd8 22. Bb6 Nd7 23. Bxd8 Ng3+ 24. fxg3 Qxe2 25. Rd1 Nc5 26. Rb1 Nxb3 27. Rxb3 Qd1+ 0-1


[Site "https://www.chess.com"]

[Event "Titled Tuesday Blitz June 6 Early 2023"]
[White "Sovetbekova, Nurai"]
[Black "Estrada Nieto, Julian"]
[WhiteFideId "13801910"]
[BlackFideId "5101018"]
[WhiteElo "1857"]
[BlackElo "2161"]
[Result "0-1"]
[Round "8"]
[TimeControl "180+2"]
[Date "2023.06.06"]
[WhiteClock "0:00:09"]
[BlackClock "0:00:14"]
[Board "126"]

1. d4 d5 2. c4 dxc4 3. e4 e5 4. Nf3 exd4 5. Qxd4 Qxd4 6. Nxd4 Nf6 7. e5 Ng4 8. f4 Bc5 9. Nb5 Na6 10. Bxc4 c6 11. N5c3 Nb4 12. Na3 Bf5 13. Na4 Bf2+ 14. Ke2 b5 15. Nxb5 cxb5 16. Bxb5+ Ke7 17. h3 Rab8 18. Bc4 Rhc8 19. hxg4 Bxg4+ 20. Kxf2 Rxc4 21. Nc3 Nc2 22. Nd5+ Ke6 23. Ne3 Nxe3 24. Kxe3 Bf5 25. b3 Rc3+ 26. Kf2 Rc2+ 27. Kg3 Be4 28. Rg1 Rbc8 29. Ba3 Kf5 30. Rac1 h6 31. Rxc2 Rxc2 32. Bd6 Rxa2 33. b4 Rd2 34. Bc5 a6 35. Bd6 g5 0-1


[Site "https://www.chess.com"]

[Event "Titled Tuesday Blitz June 6 Early 2023"]
[White "Llanos, Guillermo"]
[Black "Khromkin, Andrey"]
[WhiteFideId "100358"]
[BlackFideId "4154126"]
[WhiteElo "2210"]
[BlackElo "2444"]
[Result "0-1"]
[Round "8"]
[TimeControl "180+2"]
[Date "2023.06.06"]
[WhiteClock "0:00:06"]
[BlackClock "0:01:26"]
[Board "127"]

1. Nf3 c5 2. g3 Nc6 3. Bg2 g6 4. c4 Bg7 5. O-O a6 6. Nc3 Rb8 7. a4 d6 8. e3 Nh6 9. d4 cxd4 10. exd4 Bg4 11. Ne2 Nf5 12. Be3 Qb6 13. Qd2 Bxf3 14. Bxf3 Ncxd4 15. Nxd4 Bxd4 16. Bxd4 Qxd4 17. Qb4 O-O 18. b3 Qc5 19. Qc3 Nd4 20. Bd1 a5 21. Re1 e5 22. Rb1 Rbc8 23. h4 f5 24. Qe3 f4 25. Qe4 fxg3 26. fxg3 Nf3+ 27. Kg2 Nd2 28. Qe2 Nxb1 0-1


[Site "https://www.chess.com"]

[Event "Titled Tuesday Blitz June 6 Early 2023"]
[White "Balla, Tamas-Kristof"]
[Black "Hinds, Nathan"]
[WhiteFideId "1208497"]
[BlackFideId "7400730"]
[WhiteElo "2334"]
[BlackElo "2001"]
[Result "1-0"]
[Round "8"]
[TimeControl "180+2"]
[Date "2023.06.06"]
[WhiteClock "0:00:36"]
[BlackClock "0:00:47"]
[Board "128"]

1. e4 c6 2. d4 d5 3. exd5 cxd5 4. c4 Nf6 5. Nc3 e6 6. Nf3 Be7 7. Bd3 dxc4 8. Bxc4 O-O 9. O-O Nc6 10. Bg5 b6 11. Qd2 Bb7 12. Rad1 Nb4 13. Ne5 Nbd5 14. Rfe1 Rc8 15. Bd3 Nxc3 16. bxc3 Nd5 17. Bxe7 Nxe7 18. Re3 Ng6 19. Rh3 Qd5 20. f3 Rfd8 21. Be4 Nxe5 22. Bxd5 Rxd5 23. Qc2 Ng6 24. c4 Rd7 25. Rg3 Rdc7 26. Qa4 a6 27. c5 bxc5 28. dxc5 Rxc5 29. h4 Rc4 30. Qd7 R4c7 31. Qd4 Bd5 32. h5 e5 33. Qxd5 Nf4 34. Qd8+ 1-0


[Site "https://www.chess.com"]

[Event "Titled Tuesday Blitz June 6 Early 2023"]
[White "Ansh M Shah"]
[Black "Chuemsakul, Sarocha"]
[WhiteFideId "25033379"]
[BlackFideId "6203710"]
[WhiteElo "2084"]
[BlackElo "1686"]
[Result "1-0"]
[Round "8"]
[TimeControl "180+2"]
[Date "2023.06.06"]
[WhiteClock "0:01:34"]
[BlackClock "0:00:02"]
[Board "129"]

1. d4 Nf6 2. c4 g6 3. h4 Bg7 4. Nc3 h5 5. e4 d6 6. Be2 Bg4 7. Nf3 O-O 8. O-O Nc6 9. d5 Ne5 10. Nxe5 dxe5 11. Bg5 Bxe2 12. Qxe2 Nh7 13. Be3 Re8 14. c5 Nf8 15. Rac1 c6 16. Rfd1 Qc8 17. b4 a6 18. a4 Nh7 19. b5 axb5 20. axb5 f5 21. exf5 gxf5 22. Bg5 Nf6 23. Bxf6 exf6 24. Qxh5 f4 25. bxc6 bxc6 26. Ne4 cxd5 27. Nd6 Qe6 28. Nxe8 Rxe8 29. c6 Rc8 30. c7 d4 31. Qg6 Qf7 32. Qf5 Qe8 33. h5 Bf8 34. Qxf6 Ba3 35. Rc6 Be7 36. Qe6+ Kf8 37. Qh6+ Kg8 38. Rg6+ Kf7 39. Qh7+ Kf8 40. Rg8# 1-0


[Site "https://www.chess.com"]

[Event "Titled Tuesday Blitz June 6 Early 2023"]
[White "Topalov, Aleksandar"]
[Black "Jiganchine, Roman"]
[WhiteFideId "925659"]
[BlackFideId "2603667"]
[WhiteElo "2151"]
[BlackElo "2304"]
[Result "1-0"]
[Round "8"]
[TimeControl "180+2"]
[Date "2023.06.06"]
[WhiteClock "0:00:55"]
[BlackClock "0:00:03"]
[Board "130"]

1. b3 d5 2. Bb2 Bf5 3. Nf3 e6 4. g3 Nf6 5. Bg2 h6 6. O-O Be7 7. d3 a5 8. a3 Bh7 9. Nbd2 O-O 10. e3 c5 11. Ne5 Nbd7 12. a4 Rc8 13. Qe2 Qb6 14. Nxd7 Nxd7 15. e4 Rfe8 16. Rab1 Bf6 17. e5 Be7 18. Kh1 Qa6 19. f4 b5 20. axb5 Qxb5 21. Ra1 c4 22. dxc4 Qb6 23. f5 Bxf5 24. Rxf5 exf5 25. Bxd5 Nf8 26. Qf1 g6 27. g4 Bg5 28. Nf3 Ne6 29. gxf5 gxf5 30. Nxg5 Nxg5 31. Qxf5 Re6 32. Rg1 1-0


[Site "https://www.chess.com"]

[Event "Titled Tuesday Blitz June 6 Early 2023"]
[White "Garcia Jimenez, Francisco Javier"]
[Black "Antonova, Nadezhda"]
[WhiteFideId "2231590"]
[BlackFideId "14700182"]
[WhiteElo "2246"]
[BlackElo "1795"]
[Result "1-0"]
[Round "8"]
[TimeControl "180+2"]
[Date "2023.06.06"]
[WhiteClock "0:00:30"]
[BlackClock "0:00:07"]
[Board "132"]

1. e4 c6 2. Nf3 d5 3. exd5 cxd5 4. Ne5 Qc7 5. d4 Nf6 6. f4 Bf5 7. Bd3 Bxd3 8. Qxd3 e6 9. O-O Bd6 10. Nd2 O-O 11. Rf3 Nc6 12. c3 a6 13. Rh3 g6 14. b3 Rac8 15. Bb2 b5 16. Rf1 b4 17. c4 Rfd8 18. c5 Bf8 19. Qg3 Bg7 20. Qh4 a5 21. Ndf3 h6 22. g4 Ne4 23. Bc1 Qe7 24. Qe1 Nxe5 25. Nxe5 Nc3 26. f5 exf5 27. gxf5 Bxe5 28. dxe5 Qxc5+ 29. Kh1 h5 30. e6 Rc7 31. exf7+ Rxf7 32. fxg6 Rxf1+ 33. Qxf1 Rf8 34. Rf3 Ne4 35. Rf7 Nf2+ 36. Kg2 Ng4 37. h3 Ne5 38. Rxf8+ Qxf8 39. Qxf8+ Kxf8 40. Bh6+ Kg8 41. g7 Nf7 42. Be3 Nd8 43. Bd4 Nc6 44. Bf6 d4 45. Kf3 Kf7 46. Ke4 Kg8 47. Bxd4 Nxd4 48. Kxd4 Kxg7 49. Kc5 h4 50. Kb5 Kf6 51. Kxa5 Kf5 52. Kxb4 Kf4 53. a4 Kg3 54. a5 Kxh3 55. a6 Kg3 56. a7 h3 57. a8=Q h2 58. Qh1 1-0


[Site "https://www.chess.com"]

[Event "Titled Tuesday Blitz June 6 Early 2023"]
[White "Levitan, Caleb Levi"]
[Black "Aloma Vidal, Robert"]
[WhiteFideId "14332620"]
[BlackFideId "2260409"]
[WhiteElo "1963"]
[BlackElo "2435"]
[Result "1/2-1/2"]
[Round "8"]
[TimeControl "180+2"]
[Date "2023.06.06"]
[WhiteClock "0:00:16"]
[BlackClock "0:01:11"]
[Board "133"]

1. e4 e5 2. Nf3 Nf6 3. Nxe5 d6 4. Nf3 Nxe4 5. Nc3 Nf6 6. d4 g6 7. Bd3 Bg7 8. O-O O-O 9. Bg5 h6 10. Bh4 Nc6 11. h3 Ne7 12. Qd2 Nf5 13. Bxf5 Bxf5 14. Rae1 g5 15. Nxg5 hxg5 16. Bxg5 c6 17. Qf4 Bg6 18. Qh4 d5 19. f4 Bxc2 20. f5 Qd6 21. Bf4 Qd7 22. Be5 Qd8 23. Rf3 Re8 24. Rg3 Kf8 25. Rxg7 Kxg7 26. Qg5+ Kh7 27. Qh4+ Kg7 28. Qg5+ Kh7 29. Qh4+ Kg7 1/2-1/2


[Site "https://www.chess.com"]

[Event "Titled Tuesday Blitz June 6 Early 2023"]
[White "Do Nascimento,Christian Almeida"]
[Black "Sarkar, Justin"]
[WhiteFideId "2143801"]
[BlackFideId "2010011"]
[WhiteElo "2078"]
[BlackElo "2151"]
[Result "1/2-1/2"]
[Round "8"]
[TimeControl "180+2"]
[Date "2023.06.06"]
[WhiteClock "0:00:05"]
[BlackClock "0:00:06"]
[Board "134"]

1. e4 c5 2. Nf3 Nc6 3. Bb5 g6 4. d4 cxd4 5. Nxd4 Bg7 6. Be3 Qb6 7. Bxc6 Qxb2 8. Nd2 dxc6 9. Rb1 Qxa2 10. O-O Qa5 11. Qe2 Nf6 12. Nc4 Qc7 13. e5 Nd5 14. e6 fxe6 15. Qf3 Bf6 16. Rbd1 O-O 17. Qh3 e5 18. Ne6 Bxe6 19. Qxe6+ Kg7 20. Bc5 Qc8 21. Qxc8 Raxc8 22. Bxa7 b5 23. Ne3 Nc3 24. Rd7 Rfd8 25. Rb7 Rd2 26. Bc5 Kf7 27. g3 Nd5 28. Rc1 e4 29. Kf1 Nxe3+ 30. Bxe3 Rd5 31. c4 bxc4 32. Rxc4 c5 33. Rxe4 Rd6 34. Rc4 Rdc6 35. Rb5 R8c7 36. Rbxc5 Rxc5 37. Rxc5 Rxc5 38. Bxc5 e6 39. Be3 h5 40. Ke2 e5 41. h3 Ke6 42. Kd3 Kf5 43. f3 Ke6 44. Ke4 Be7 45. Bc1 Bd6 46. Bb2 Bc7 47. Bc3 Bd6 48. Be1 Bc7 49. g4 hxg4 50. fxg4 Bd6 51. Bg3 Bc7 52. h4 Bd6 53. Bf2 Bc7 54. Bg1 Bd6 55. Bh2 Bc7 56. h5 gxh5 57. gxh5 Kf6 58. Bg3 Kg5 59. Bxe5 Bxe5 60. Kxe5 Kh6 61. Kf4 Kxh5 1/2-1/2


[Site "https://www.chess.com"]

[Event "Titled Tuesday Blitz June 6 Early 2023"]
[White "Rodriguez Santiago, Jaime"]
[Black "Camilla_Lee"]
[WhiteFideId "3100898"]
[WhiteElo "2025"]
[BlackElo "2495"]
[Result "0-1"]
[Round "8"]
[TimeControl "180+2"]
[Date "2023.06.06"]
[WhiteClock "0:00:01"]
[BlackClock "0:00:30"]
[Board "135"]

1. c4 Nf6 2. d4 g6 3. Nc3 d5 4. cxd5 Nxd5 5. e4 Nxc3 6. bxc3 Bg7 7. Bc4 c5 8. Ne2 Nc6 9. Be3 Bg4 10. f3 Na5 11. Bb5+ Bd7 12. Bd3 cxd4 13. cxd4 Rc8 14. O-O Nc4 15. Bxc4 Rxc4 16. Qb3 b5 17. Rac1 Rxc1 18. Rxc1 O-O 19. d5 Qa5 20. Nd4 b4 21. Nc6 Bxc6 22. dxc6 Rc8 23. Qd5 Qc7 24. Qd7 Bc3 25. Bxa7 Qxc6 26. Qxc6 Rxc6 27. Kf1 Ra6 28. Bc5 Rxa2 29. Bxe7 b3 30. Rxc3 b2 31. Rc8+ Kg7 32. Bf8+ Kf6 33. Rc6+ Kg5 34. Be7+ Kf4 35. Rf6+ Ke3 36. Bc5+ Kd3 37. Rc6 b1=Q# 0-1


[Site "https://www.chess.com"]

[Event "Titled Tuesday Blitz June 6 Early 2023"]
[White "Kuzmin, Ilya"]
[Black "Womacka, Mathias"]
[WhiteFideId "4153863"]
[BlackFideId "4611390"]
[WhiteElo "2093"]
[BlackElo "2377"]
[Result "0-1"]
[Round "8"]
[TimeControl "180+2"]
[Date "2023.06.06"]
[WhiteClock "0:01:18"]
[BlackClock "0:01:34"]
[Board "136"]

1. d4 Nf6 2. c4 e6 3. Nf3 Bb4+ 4. Nbd2 O-O 5. a3 Be7 6. e4 d5 7. e5 Nfd7 8. cxd5 exd5 9. Bd3 c5 10. O-O Nc6 11. Re1 a5 12. Nf1 cxd4 13. Ng3 Nc5 14. Nxd4 Nxd4 15. Bxh7+ Kxh7 16. Qxd4 Kg8 17. h4 Nb3 18. Qf4 Nxa1 19. Nh5 Bxh4 20. Nxg7 Kxg7 21. Qh6+ Kg8 22. Re3 Ra6 23. e6 Rxe6 0-1


[Site "https://www.chess.com"]

[Event "Titled Tuesday Blitz June 6 Early 2023"]
[White "Dubreuil, Julien"]
[Black "Dinu, Dumitru-Daniel"]
[WhiteFideId "621285"]
[BlackFideId "1208403"]
[WhiteElo "2271"]
[BlackElo "2240"]
[Result "1-0"]
[Round "8"]
[TimeControl "180+2"]
[Date "2023.06.06"]
[WhiteClock "0:00:21"]
[BlackClock "0:00:26"]
[Board "137"]

1. e4 c5 2. Nf3 d6 3. d4 cxd4 4. Nxd4 Nf6 5. Nc3 a6 6. h3 e6 7. g4 Be7 8. Bg2 Nfd7 9. O-O g5 10. a4 Nc6 11. Nxc6 bxc6 12. f4 gxf4 13. Bxf4 Qb6+ 14. Kh1 Ne5 15. Bxe5 dxe5 16. Qf3 f6 17. g5 Rf8 18. Qh5+ Kd7 19. gxf6 Bxf6 20. Qxh7+ Ke8 21. Rxf6 Rxf6 22. Qh8+ Ke7 23. Qg7+ Rf7 24. Qg5+ Ke8 25. Bf3 Rxf3 26. Qh5+ Rf7 27. Rf1 Ra7 28. Qh8+ Ke7 29. Qh4+ Kd6 30. Rd1+ Qd4 31. Rxd4+ exd4 32. Qg3+ e5 33. Ne2 Be6 34. Nxd4 Rg7 35. Qd3 exd4 36. Qxd4+ Bd5 37. exd5 cxd5 38. Qb6+ Ke5 39. Qe3+ Kd6 40. Qb6+ Ke5 41. Qe3+ Kf5 42. Qf3+ Kg6 43. Qg4+ Kh7 44. Qf5+ Rg6 45. Qxd5 Rag7 46. Qe4 Kh8 47. Kh2 Rf6 48. Qh4+ Kg8 49. Qxf6 a5 50. Qxg7+ Kxg7 51. Kg3 Kf6 52. Kg4 Kg6 53. h4 Kh6 54. Kf4 Kg6 55. Ke4 Kh5 56. Kd4 Kxh4 57. Kc5 Kg4 58. Kb5 Kf4 59. Kxa5 Ke4 60. Kb5 Ke3 61. a5 Kd2 62. b4 Kd1 63. c4 Kc1 64. c5 Kc2 65. Kc6 Kb2 66. b5 Kc3 67. a6 Kb3 68. b6 Kc2 69. a7 Kb2 70. a8=Q Kc3 71. Qa4 Kd3 72. Kd5 Ke3 73. Qd4+ Ke2 74. Ke4 Ke1 75. Qb2 Kd1 76. Kd3 Ke1 77. Qe2# 1-0


[Site "https://www.chess.com"]

[Event "Titled Tuesday Blitz June 6 Early 2023"]
[White "Avazkhonov, Alikhon"]
[Black "Abrosimov, Vladimir"]
[WhiteFideId "14208504"]
[BlackFideId "4166892"]
[WhiteElo "1739"]
[BlackElo "2336"]
[Result "1-0"]
[Round "8"]
[TimeControl "180+2"]
[Date "2023.06.06"]
[WhiteClock "0:02:52"]
[BlackClock "0:01:42"]
[Board "138"]

1. d4 Nf6 2. c4 g6 3. Nc3 Bg7 4. e4 d6 5. f3 Nbd7 6. Be3 O-O 7. Qd2 e5 8. Nge2 Re8 9. O-O-O c6 10. Kb1 Qc7 11. g4 Nb6 12. Ng3 Be6 13. d5 cxd5 14. cxd5 Bd7 15. Rc1 Qd8 16. g5 Nh5 17. Nxh5 gxh5 18. h4 a6 19. Ne2 Nc8 20. Ng3 Ne7 21. Nxh5 Ng6 22. Bh3 Bxh3 23. Rxh3 Qd7 24. Rg3 Rec8 25. Nf6+ Bxf6 26. gxf6 Rxc1+ 27. Qxc1 Rc8 28. Qg1 h5 29. Rxg6+ fxg6 30. Qxg6+ Kh8 31. f7 Qc7 32. Qh6# 1-0


[Site "https://www.chess.com"]

[Event "Titled Tuesday Blitz June 6 Early 2023"]
[White "Marchesich, Giovanni"]
[Black "Mazurkiewicz, Michal"]
[WhiteFideId "2824790"]
[BlackFideId "1124943"]
[WhiteElo "2213"]
[BlackElo "2063"]
[Result "1-0"]
[Round "8"]
[TimeControl "180+2"]
[Date "2023.06.06"]
[WhiteClock "0:02:03"]
[BlackClock "0:00:02"]
[Board "139"]

1. d4 Nf6 2. Bf4 g6 3. Nc3 d5 4. e3 Bg7 5. h4 c6 6. Be2 h6 7. Nf3 Bf5 8. Ne5 Nbd7 9. g4 Be6 10. Qd3 Qc8 11. f3 Nh7 12. Nxg6 Rg8 13. Nxe7 Kxe7 14. Qxh7 Nf6 15. Qd3 Qd8 16. O-O-O Qa5 17. Kb1 b5 18. Rdg1 c5 19. Qxb5 Qc7 20. Bxc7 1-0


[Site "https://www.chess.com"]